 Dungeon Crawl Stone Soup version 0.14-a0-3405-g7f0333e (webtiles) character file.

456 Quh the Poker (level 6, -2/52 HPs)
             Began as a Hill Orc Fighter on Mar 20, 2014.
             Slain by Prince Ribbit (9 damage)
             ... on Level 4 of the Dungeon on Mar 21, 2014.
             The game lasted 00:15:03 (2558 turns).

Quh the Poker (Hill Orc Fighter)                    Turns: 2558, Time: 00:15:03

HP  -2/52        AC 11     Str 21      XL: 6   Next: 53%
MP   6/6         EV  7     Int  8      God:
Gold 123         SH 19     Dex 10      Spells:  0 memorised,  5 levels left

rFire  . . .     SeeInvis .     a - +0,-2 trident
rCold  . . .     Clarity  .     k - +0 scale mail
rNeg   . . .     Conserve .     c - -1 shield
rPois  .         rCorr    .     q - +2 helmet
rElec  .         rRot     .     (no cloak)
SustAb . .       Spirit   .     (no gloves)
rMut   .         Warding  .     v - +0 pair of boots
Saprov + . .     Stasis   .     (no amulet)
MR     .....                    (no ring)
                                (no ring)

@: not resistant to hostile enchantments, extremely unstealthy
A: saprovore 1
a: no special abilities


You were on level 4 of the Dungeon.
You were hungry.

You visited 1 branch of the dungeon, and saw 4 of its levels.

You collected 123 gold pieces.

Inventory:

Hand weapons
 a - a +0,-2 trident (weapon)
 b - a +0,+1 bow of frost
Missiles
 o - 19 bolts
Armour
 c - a -1 shield (worn)
 k - a +0 scale mail (worn)
 q - a +2 helmet (worn)
 v - a +0 pair of boots (worn)
Comestibles
 d - 3 meat rations
 l - a pear
 m - 2 bread rations
 n - a banana
 r - a choko
Scrolls
 f - 5 scrolls of remove curse {unknown}
 g - a scroll of fog {unknown}
 i - 2 scrolls of recharging {unknown}
 j - a scroll of random uselessness {unknown}
 t - 2 scrolls of identify {unknown}
 y - a scroll of teleportation {unknown}
Potions
 e - a potion of might
 h - a potion of invisibility {unknown}
 p - a potion of brilliance {unknown}
 u - a potion of curing {unknown}
 w - a potion of restore abilities {unknown}
 x - a potion of agility {unknown}
 A - a potion of haste {unknown}
Miscellaneous
 s - a plain deck of wonders


   Skills:
 + Level 3.9 Fighting
 * Level 6.2 Polearms
 - Level 3.2 Armour
 + Level 5.0 Shields


You had 5 spell levels left.
You didn't know any spells.

Dungeon Overview and Level Annotations

Branches:
Dungeon (4/15)
 Temple: D:4-7

Altars:
Elyvilon
Nemelex Xobeh
Jiyva

Annotations:
D:4 Prince Ribbit


Innate Abilities, Weirdness & Mutations

You can tolerate rotten meat.


Message History

Prince Ribbit momentarily phases out as your attack passes through him.
Prince Ribbit blinks!
Prince Ribbit blinks!
You miss Prince Ribbit. You block Prince Ribbit's attack.
You hit Prince Ribbit.
Prince Ribbit is lightly wounded.
Prince Ribbit hops awkwardly around.
You block Prince Ribbit's attack.
You hit Prince Ribbit.
Prince Ribbit is moderately wounded.
Prince Ribbit hits you but does no damage.
You block Prince Ribbit's attack.
You miss Prince Ribbit.
Prince Ribbit is moderately wounded.
Prince Ribbit hits you!
* * * LOW HITPOINT WARNING * * *
You hit Prince Ribbit.
Prince Ribbit is moderately wounded.
Prince Ribbit hits you!
You die...

###.## #....#
#....# .....#
#....# #....#
#....# # ##@####
####..######.F...#
........)).......#
####..######.....#
# ##.#.## #.#.#
#.#.# #.#.# #.#.#


You could see Prince Ribbit.

Vanquished Creatures
  The ghost of Restia the Skirmisher, an average DsMo (D:3)
  A hound (D:4)
  A jelly (D:3)
  An orc wizard (D:3)
  3 gnolls (D:4)
  3 adders (D:3)
  An inept item mimic (D:3)
  A giant mite (D:2)
  A worm (D:3)
  4 giant geckos
  3 oozes (D:3)
  3 orcs (D:3)
  2 ball pythons
  7 bats
  A giant cockroach (D:1)
  9 hobgoblins
  4 jackals
  A quokka (D:3)
  6 giant newts
  7 goblins
  9 kobolds
  8 rats
77 creatures vanquished.

Notes
Turn   | Place    | Note
--------------------------------------------------------------
     0 | D:1      | Quh, the Hill Orc Fighter, began the quest for the Orb.
     0 | D:1      | Reached XP level 1. HP: 19/19 MP: 1/1
   113 | D:1      | Reached XP level 2. HP: 26/26 MP: 2/2
   525 | D:1      | Reached XP level 3. HP: 29/31 MP: 3/3
   880 | D:2      | Reached skill level 4 in Shields
  1012 | D:2      | Found a sparkling altar of Nemelex Xobeh.
  1199 | D:2      | Reached XP level 4. HP: 39/39 MP: 4/4
  1361 | D:3      | Noticed Restia's ghost (average DsMo)
  1390 | D:3      | Killed Restia's ghost
  1390 | D:3      | Reached XP level 5. HP: 13/45 MP: 5/5
  1633 | D:3      | Found a white marble altar of Elyvilon.
  1674 | D:3      | Reached skill level 5 in Polearms
  1996 | D:3      | Found a viscous altar of Jiyva.
  2007 | D:3      | Reached XP level 6. HP: 45/51 MP: 6/6
  2373 | D:4      | Upgraded the game from 0.14-a0-3376-gf173aa4 to 0.14-a0-3405-g7f0333e
  2509 | D:4      | Noticed Prince Ribbit
  2518 | D:4      | Reached skill level 6 in Polearms
  2544 | D:4      | Reached skill level 5 in Shields
  2558 | D:4      | Slain by Prince Ribbit

Action                   |  1- 3 |  4- 6 || total
-------------------------+-------+-------++-------
Melee: Trident           |   129 |   188 ||   317
